 Dungeon Crawl Stone Soup version 0.19.4-8-ga85b6b9 (console) character file.

363 itsmu the Chiller (level 7, -5/46 HPs)
             Began as a Formicid Ice Elementalist on Feb 8, 2017.
             Killed from afar by empire's ghost (14 damage)
             ... with a spray of energy
             ... on level 5 of the Dungeon.
             The game lasted 00:15:29 (5285 turns).

itsmu the Chiller (Formicid Ice Elementalist)       Turns: 5285, Time: 00:15:29

Health: -5/46      AC:  3    Str: 14    XL:     7   Next: 0%
Magic:  12/12      EV: 12    Int: 17    God:
Gold:   86         SH:  0    Dex: 11    Spells: 4 memorised, 3 levels left

rFire  . . .     SeeInvis +     b - +0 hunting sling
rCold  . . .     Gourm    .     e - +0 robe
rNeg   . . .     Faith    .     (no shield)
rPois  .         Spirit   .     (helmet unavailable)
rElec  .         Reflect  +     (no cloak)
rCorr  .         Harm     .     j - +0 pair of gloves
MR     .....                    (no boots)
Stlth  ++........               f - +3 amulet of reflection
                                g - ring of stealth
                                w - +2 ring of strength

@: confused
A: permanent stasis, dig shafts and tunnels, four strong arms, antennae 3
a: Dig, Shaft Self


You were on level 5 of the Dungeon.
You were not hungry.

You visited 1 branch of the dungeon, and saw 5 of its levels.

You collected 86 gold pieces.

Inventory:

Hand Weapons
 a - a +0 whip
   (You took it off a hobgoblin on level 1 of the Dungeon)
 b - a +0 hunting sling (weapon)
   (You found it on level 2 of the Dungeon)
Missiles
 d - 143 stones
 r - 22 sling bullets (quivered)
Armour
 e - a +0 robe (worn)
 j - a +0 pair of gloves (worn)
   (You found it on level 1 of the Dungeon)
Jewellery
 f - a +3 amulet of reflection (around neck)
   (You took it off a kobold on level 1 of the Dungeon)
 g - a ring of stealth (right hand)
   (You found it on level 5 of the Dungeon)
 p - an uncursed amulet of faith
   (You found it on level 2 of the Dungeon)
 w - a +2 ring of strength (left hand)
   (You found it on level 2 of the Dungeon)
Scrolls
 h - a scroll of noise
 k - 5 scrolls of remove curse
 l - 4 scrolls of fear
 o - 3 scrolls of magic mapping
Potions
 t - a potion of curing {unknown}
 x - a potion of brilliance
Books
 s - a book of Frost

   Spells                             Type                      Level
   a - Freeze                         Ice                          1
   b - Throw Frost                    Conjuration/Ice              2
   c - Ozocubu's Armour               Charms/Ice                   3
   d - Throw Icicle                   Conjuration/Ice              4
   e - Summon Ice Beast               Ice/Summoning                4
Comestibles
 c - 3 bread rations
 i - a beef jerky
 n - a meat ration
 q - 2 slices of pizza


   Skills:
 - Level 1.7 Dodging
 - Level 2.4 Stealth
 + Level 3.9 Spellcasting
 - Level 2.0 Conjurations
 * Level 3.4 Summonings
 + Level 4.8 Ice Magic


You had 3 spell levels left.
You knew the following spells:

 Your Spells              Type           Power        Failure   Level  Hunger
a - Freeze                Ice            ###.         2%          1    None
b - Throw Frost           Conj/Ice       ##....       10%         2    ##.....
c - Summon Ice Beast      Ice/Summ       ###.....     30%         4    ####...
Q - Ozocubu's Armour      Chrm/Ice       ##......     21%         3    ###....


Dungeon Overview and Level Annotations

Branches:
Dungeon (5/15)
 Temple: D:4-7

Altars:
Dithmenos
Qazlal

Annotations:
D:2 Natasha, Sigmund
D:5 empire's ghost, amateur SpCj


Innate Abilities, Weirdness & Mutations

You are under a permanent stasis effect.
You can dig through walls and to a lower floor.
Your four strong arms can wield two-handed weapons with a shield.
You have a pair of large antennae on your head. (SInv)


Message History

* * * LOW HITPOINT WARNING * * *
The worker ant misses you.
You bump into the rock wall.
The worker ant closely misses you. Empire's ghost casts a spell at you.
The spray of energy hits you!
* * * LOW HITPOINT WARNING * * *
You are more confused.
The worker ant is no longer blind.
The worker ant barely misses you. Empire's ghost misses you.
You clumsily bash the worker ant but do no damage.
The worker ant is almost dead.
The worker ant closely misses you.
Empire's ghost points at you and mumbles some strange words.
The spray of energy misses you. The worker ant closely misses you.
A worker ant comes into view.
It was a potion of haste.
Your stasis keeps you stable.
The worker ant twitches its antennae in your direction.
Empire's ghost points at you and mumbles some strange words.
The spray of energy hits you!
You die...

#........<.>..#
#....####.....
#...[####..### #
#.........## #.
##....#....# #.#
#..a.#.#####
#.##..####....###
#.>...<.a..#...#
#...##.MW.###.W.#
. ###.## ###....
### ..... $...#..
{..#.## ....##
.....


You could see 2 worker ants and empire's ghost.

Vanquished Creatures
  An orc priest (D:3)
  Jessica (D:2)
  5 worker ants
  7 adders
  2 oozes
  An adder skeleton (D:4)
  3 worms
  2 dart slugs
  4 leopard geckos
  5 orcs
  9 bats
  3 giant cockroaches
  8 goblins
  13 hobgoblins
  6 jackals
  13 kobolds
  2 quokkas
  5 frilled lizards
  A quokka skeleton (D:4)
  9 rats
100 creatures vanquished.

Notes
Turn   | Place    | Note
-------+----------+-------------------------------------------
     0 | D:1      | itsmu the Formicid Ice Elementalist began the quest for the Orb.
     0 | D:1      | Reached XP level 1. HP: 13/13 MP: 3/3
   188 | D:1      | Reached XP level 2. HP: 10/19 MP: 0/5
   274 | D:1      | erm are you flanking me
   605 | D:1      | Learned a level 2 spell: Throw Frost
   760 | D:1      | Reached skill level 1 in Conjurations
   816 | D:1      | Reached XP level 3. HP: 23/24 MP: 1/6
  1011 | D:1      | Reached XP level 4. HP: 9/30 MP: 2/8
  1383 | D:1      | Learned a level 4 spell: Summon Ice Beast
  1659 | D:1      | Reached skill level 4 in Ice Magic
  2145 | D:2      | Reached skill level 1 in Summonings
  2151 | D:2      | Noticed Jessica
  2163 | D:2      | Killed Jessica
  2163 | D:2      | Reached XP level 5. HP: 23/35 MP: 6/9
  2277 | D:2      | Noticed Natasha
  2937 | D:2      | Noticed Sigmund
  3405 | D:1      | Learned a level 3 spell: Ozocubu's Armour
  3494 | D:3      | Reached XP level 6. HP: 17/41 MP: 7/11
  3863 | D:3      | Found a stormy altar of Qazlal.
  5033 | D:4      | Found a shadowy altar of Dithmenos.
  5186 | D:4      | Reached XP level 7. HP: 46/46 MP: 4/12
  5251 | D:5      | Entered Level 5 of the Dungeon
  5271 | D:5      | Noticed empire's ghost (amateur SpCj)
  5285 | D:5      | Killed from afar by empire's ghost

Skill      XL: |  1  2  3  4  5  6 |
---------------+-------------------+-----
Conjurations   | 1 2 |  2.0
Spellcasting   | 3 |  3.9
Ice Magic      | 4 |  4.8
Summonings     | 1 2 3 |  3.4
Dodging        | |  1.7
Stealth        | |  2.4

Action                   |  1- 3 |  4- 6 |  7- 9 || total
-------------------------+-------+-------+-------++-------
Melee: Unarmed           |    12 |       |       ||    12
       Whip              |     8 |     5 |       ||    13
       Hunting sling     |       |       |     1 ||     1
 Fire: Hunting sling     |       |    25 |       ||    25
 Cast: Freeze            |    42 |   119 |     1 ||   162
       Throw Frost       |       |    36 |       ||    36
 Abil: Dig               |     3 |     4 |       ||     7
  Use: Potion            |       |     1 |     1 ||     2
       Scroll            |       |    11 |       ||    11
  Eat: Chunk             |     1 |    16 |       ||    17
Armor: Robe              |    14 |    22 |       ||    36
Dodge: Dodged            |    50 |    54 |     9 ||   113
Block: Other             |       |     4 |       ||     4
